 Dungeon Crawl Stone Soup version 0.18-a0-721-g8fc53f4 (console) character file.

83 bli the Skirmisher (level 4, -2/41 HPs)
             Began as a Hill Orc Fighter on Dec 8, 2015.
             Was an Initiate of Okawaru.
             Slain by bli's ghost (8 damage)
             ... on level 3 of the Dungeon.
             The game lasted 00:05:59 (1094 turns).

bli the Skirmisher (Hill Orc Fighter)               Turns: 1094, Time: 00:05:59

Health: -2/41      AC:  9    Str: 18    XL:     4   Next: 44%
Magic:  4/4        EV:  9    Int:  8    God:    Okawaru [......]
Gold:   91         SH:  4    Dex: 11    Spells: 0 memorised, 3 levels left

rFire  . . .     SeeInvis +     a - +0 war axe
rCold  . . .     Clarity  .     b - +0 scale mail
rNeg   . . .     SustAt   .     v - +0 buckler (curse)
rPois  .         Gourm    .     f - +0 helmet
rElec  .         Spirit   .     (no cloak)
rCorr  .         Dismiss  .     k - +0 pair of gloves
rMut   .         Stasis   .     (no boots)
MR     .....                    (no amulet)
Stlth  ..........               (no ring)
                                p - ring of see invisible

@: not resistant to hostile enchantments, extremely unstealthy
A: no striking features
a: Renounce Religion


You were on level 3 of the Dungeon.
You worshipped Okawaru.
Okawaru was noncommittal.
You were not hungry.

You visited 1 branch of the dungeon, and saw 3 of its levels.

You collected 91 gold pieces.

Inventory:

Hand Weapons
 a - a +0 war axe (weapon)
Missiles
 n - 97 stones (quivered)
Armour
 b - a +0 scale mail (worn)
 c - a +0 shield
 f - a +0 helmet (worn)
 k - a +0 pair of gloves (worn)
 v - a cursed +0 buckler (worn)
Jewellery
 p - a ring of see invisible (left hand)
 t - an uncursed amulet of dismissal
Scrolls
 h - 2 scrolls of teleportation {unknown}
 i - 2 scrolls of identify {unknown}
 j - 3 scrolls of immolation {unknown}
 o - 3 scrolls of remove curse {unknown}
 u - 2 scrolls of magic mapping {unknown}
Potions
 d - 3 potions of might
 g - a potion of curing {unknown}
 m - a potion of brilliance {unknown}
 r - a potion of mutation {unknown}
Comestibles
 e - 2 bread rations
 l - a slice of pizza
 q - a beef jerky


   Skills:
 * Level 4.8 Fighting
 + Level 3.1 Axes
 + Level 3.8 Armour
 + Level 1.0 Dodging
 + Level 3.8 Shields


You had 3 spell levels left.
You didn't know any spells.

Dungeon Overview and Level Annotations

Branches:
Dungeon (3/15)

Altars:
Ashenzari
Dithmenos
Okawaru
Pakellas
Sif Muna
Zin
The Shining One

Annotations:
D:3 bli's ghost, amateur DDEE


Message History

Bli's ghost is severely damaged.
Bli's ghost points at you and mumbles some strange words.
The rocky blast hits you!
You closely miss bli's ghost.
Bli's ghost is severely damaged.
Bli's ghost points at you and mumbles some strange words.
You block the rocky blast.
Bli's ghost gestures at you while chanting.
The rocky blast hits you!
You barely miss bli's ghost.
Bli's ghost is severely damaged.
You block bli's ghost's attack.
You closely miss bli's ghost.
Bli's ghost is severely damaged.
Bli's ghost hits you!
* * * LOW HITPOINT WARNING * * *
You slash bli's ghost!
Bli's ghost is almost destroyed.
Bli's ghost hits you!
You die...

# # .#
#.########..#
#...........###
#...<..@W.>....
#.....#.#####.###
#........#
#..#.###.# #. #.
.#. # # # #


You could see bli's ghost.

Vanquished Creatures
  3 adders (D:2)
  An ooze (D:1)
  A giant gecko (D:2)
  2 ball pythons (D:2)
  5 bats
  3 giant cockroaches
  9 goblins
  2 hobgoblins (D:2)
  11 jackals
  6 kobolds
  2 giant newts
  8 rats
53 creatures vanquished.

Notes
Turn   | Place    | Note
--------------------------------------------------------------
     0 | D:1      | bli the Hill Orc Fighter began the quest for the Orb.
     0 | D:1      | Reached XP level 1. HP: 19/19 MP: 1/1
    44 | D:1      | Reached skill level 4 in Fighting
    44 | D:1      | Reached XP level 2. HP: 24/27 MP: 2/2
   192 | D:1      | Reached XP level 3. HP: 25/34 MP: 3/3
   555 | D:2      | Found a shattered altar of Ashenzari.
   623 | D:2      | Found a deep blue altar of Sif Muna.
   838 | D:2      | Found an oddly glowing altar of Pakellas.
   846 | D:2      | Found a shadowy altar of Dithmenos.
   849 | D:2      | Found a glowing silver altar of Zin.
   850 | D:2      | Found a glowing golden altar of the Shining One.
   852 | D:2      | Found a shattered altar of Ashenzari.
   853 | D:2      | Found an iron altar of Okawaru.
   868 | D:2      | Became a worshipper of Warmaster Okawaru
   940 | D:2      | Reached XP level 4. HP: 31/41 MP: 4/4
   996 | D:2      | Reached skill level 1 in Dodging
  1077 | D:3      | Noticed bli's ghost (amateur DDEE)
  1094 | D:3      | Slain by bli's ghost

Vault maps used:
D:1:      lordsloth_arrival_two_stooges
D:2:      minitemple, ashenzari_altar_1
D:3:      grunt_temple_overflow_open, moated_statue, minmay_misc_feat_roman,
          uniq_iyjb

Action                   |  1- 3 |  4- 6 || total
-------------------------+-------+-------++-------
Melee: War axe           |   144 |    22 ||   166
  Eat: Chunk             |       |     1 ||     1
